 Dungeon Crawl Stone Soup version 0.28.0 (webtiles) character file.

Game seed: 9977276652294384165

2 SnakkuSnakku7 the Grave Robber (level 1, -1/13 HPs)
             Began as a Barachi Necromancer on Feb 14, 2022.
             Succumbed to a kobold's poison
             ... on level 1 of the Dungeon.
             The game lasted 00:00:06 (11 turns).

SnakkuSnakku7 the Grave Robber (Barachi Necromancer)  Turns: 11, Time: 00:00:06

Health: -1/13      AC:  2    Str:  9    XL:     1   Next: 30%
Magic:  0/3        EV: 12    Int: 15    God:
Gold:   0          SH:  0    Dex: 12    Spells: 3/4 levels left

rFire   . . .      SeeInvis .   (no weapon)
rCold   . . .      Faith    .   (no shield)
rNeg    . . .      Spirit   .   a - +0 robe
rPois   .          Reflect  .   (no helmet)
rElec   .          Harm     .   (no cloak)
rCorr   .          Rampage  .   (no gloves)
Will    .....                   (no boots)
Stlth   ++........              (no amulet)
HPRegen 0.04/turn               (no ring)
MPRegen 0.08/turn               (no ring)

@: lethally poisoned (-1 -> -11), slow
A: amphibious, slowness 1, strong legs 1, +LOS
a: Hop


You were on level 1 of the Dungeon.
You visited 1 branch of the dungeon, and saw 1 of its levels.

Inventory:

Armour
 a - a +0 robe (worn)


   Skills:
 - Level 2.1 Dodging
 - Level 1.7 Stealth
 - Level 2.1 Spellcasting
 + Level 3.7 Necromancy


You had 3 spell levels left.
You knew the following spells:

 Your Spells              Type           Power      Damage    Failure   Level
a - Pain                  Necr           48%        1d6       4%          1

Your spell library contained the following spells:

 Spells                   Type           Power      Damage    Failure   Level
 Animate Skeleton         Necr           24%        N/A       4%          1
 Vampiric Draining        Necr           12%        2d6       14%         3
 Animate Dead             Necr           6%         N/A       43%         4
 Agony                    Necr           12%        N/A       78%         5


Dungeon Overview and Level Annotations

Branches:
Dungeon (1/15)

Altars:


Innate Abilities, Weirdness & Mutations

You are amphibious.
You cover ground slowly.
You can hop short distances.
You have an extended range of vision and can be seen from far away.


Message History

Welcome, SnakkuSnakku7 the Barachi Necromancer.
The heart of this dungeon contains the astounding artefact, the Orb of Zot.
Press ? for a list of commands and other information.
Found 16 stones.
Found two stairs.
A frilled lizard comes into view.
A frilled lizard is nearby!
A frilled lizard is nearby!
A hobgoblin comes into view.
The hobgoblin shouts!
A kobold comes into view.
It is wielding a +2 short sword of venom.
Aiming: Pain (safe; 4% risk of failure)
Press: ? - help, Q - select action, (/) - cycle Shift-Dir - straight line, f - hobgoblin
Aim: a hobgoblin (chance to affect: 81%)
The hobgoblin writhes in agony.
You kill the hobgoblin!
The kobold shouts!
Aiming: Pain (safe; 4% risk of failure)
Press: ? - help, Q - select action, (/) - cycle Shift-Dir - straight line, f - kobold
Aim: a kobold, wielding a +2 short sword of venom (chance to affect: 81%)
The kobold writhes in agony.
The kobold hits you with a +2 short sword of venom.
You are lethally poisoned!
Aiming: Pain (safe; 4% risk of failure)
Press: ? - help, Q - select action, (/) - cycle Shift-Dir - straight line, f/p - kobold
Aim: a kobold, wielding a +2 short sword of venom (severely wounded, chance to affect: 81%)
The kobold writhes in agony.
You kill the kobold!
* * * LOW HITPOINT WARNING * * *
You feel very sick.
You completely miss the frilled lizard.
You die...

.. # #..P#≈# ### #
.... ..##≈## ..# ..
...#####.≈≈≈≈ .#.# ##.
# ......#.##≈##..>#
...#.##.##...P#≈#P...#
...#...#....P.P....#
...........(....#
#l..#.#...<....#
##.@##..........#
#..)......P.P...#
##.##....P#≈#P..# ...
#..#.##≈##....
#........#.≈≈≈≈ ......
#.#...#....##≈## .####
...##.##....P#≈# .#
#.. ... ...#..P.P # .#
######.#...


You could see a frilled lizard.

Vanquished Creatures
  A hobgoblin (D:1)
  A kobold (D:1)
2 creatures vanquished.

Notes
Turn   | Place    | Note
-------+----------+-------------------------------------------
     0 | D:1      | SnakkuSnakku7 the Barachi Necromancer began the quest for
                  | the Orb.
     0 | D:1      | Reached XP level 1. HP: 13/13 MP: 3/3
    11 | D:1      | Succumbed to a kobold's poison

Illustrated notes

Levels and vault maps discovered:
D:1:      eino_arrival_water_cross, layout_loops_ring, serial_aquarium,
          aquarium_bridge_long_separate [aquarium_subvault_bridge,
          aquarium_subvault_wall, aquarium_subvault_bridge,
          aquarium_subvault_wall, aquarium_subvault_balcony,
          aquarium_subvault_bridge], aquarium_bridge_straight
          [aquarium_subvault_bridge, aquarium_subvault_window,
          aquarium_subvault_bridge, aquarium_subvault_wall], aquarium_window_3,
          aquarium_window_fake, aquarium_window_fake, aquarium_window_fake,
          aquarium_view_2a, aquarium_view_2a, aquarium_balcony_5b,
          hangedman_decor_diamond_cutter, hangedman_decor_clover_reticule

Action                   || total
-------------------------++-------
Melee: Unarmed           ||     1
 Cast: Pain              ||     3
